 Dungeon Crawl Stone Soup version 0.20-a0-435-gf4ea4dd (webtiles) character file.

2123 terra53 the Martial Artist (level 8, -5/66 HPs)
             Began as a Demigod Transmuter on Jan 5, 2017.
             Slain by lagrange's ghost (12 damage)
             ... on level 8 of the Dungeon.
             The game lasted 00:31:57 (9088 turns).

terra53 the Martial Artist (Demigod Transmuter)     Turns: 9088, Time: 00:31:58

Health: -5/66      AC:  2    Str: 13    XL:     8   Next: 81%
Magic:  13/15      EV: 24    Int: 21    God:
Gold:   178        SH:  0    Dex: 21    Spells: 2/12 levels left

rFire  . . .     SeeInvis .       - Unarmed
rCold  . . .     Gourm    .     (armour currently unavailable)
rNeg   . . .     Faith    .     (shield currently unavailable)
rPois  x         Spirit   .     (helmet currently unavailable)
rElec  .         Reflect  .     (cloak currently unavailable)
rCorr  .         Harm     .     (gloves currently unavailable)
MR     ++...                    (boots currently unavailable)
Stlth  ++........               (no amulet)
                                H - ring of protection from magic
                                k - ring of protection from magic

@: spider-form (expiring)
A: high mp 1, subdued magic 1
a: End Transformation


You were on level 8 of the Dungeon.
You were not hungry.
You were a venomous arachnid creature.
You visited 1 branch of the dungeon, and saw 8 of its levels.

You collected 416 gold pieces.
You spent 238 gold pieces at shops.

Inventory:

Hand Weapons
 L - a +2 shortbow (melded)
Missiles
 a - 89 arrows
 n - 29 poisoned needles
 q - 63 bolts
 B - 3 steel tomahawks
 K - 14 tomahawks (quivered)
Armour
 b - a +0 robe
 e - a +1 hat (melded)
 u - a +0 cloak (melded)
 w - a +0 pair of gloves (melded)
 I - the +2 leather armour of Hehagog (melded) {+Inv Regen+}
   (You found it on level 7 of the Dungeon)

   It lets you turn invisible.
   It increases your rate of regeneration.
Jewellery
 k - a ring of protection from magic (left front leg)
 F - an uncursed ring of see invisible
 H - a ring of protection from magic (right front leg)
Wands
 x - a wand of flame (11/48)
 C - a wand of acid (8/15)
 G - a wand of lightning (6/15)
 J - a wand of polymorph (17/24)
 N - a wand of flame (30/48)
Scrolls
 g - 4 scrolls of remove curse
 l - 2 scrolls of teleportation {unknown}
 p - a scroll of enchant armour {unknown}
 s - a scroll of amnesia {unknown}
 t - 2 scrolls of magic mapping {unknown}
 y - a scroll of blinking {unknown}
 z - 2 scrolls of fog {unknown}
Potions
 f - a potion of agility
 h - 2 potions of flight
 i - a potion of cure mutation
 o - a potion of might
 r - 2 potions of curing
 v - 2 potions of magic {unknown}
 D - 2 potions of beneficial mutation {unknown}
 M - a potion of cancellation {unknown}
 O - a potion of ambrosia {unknown}
Books
 c - a book of Changes

   Spells                             Type                      Level
   a - Beastly Appendage              Transmutation                1
   b - Sticks to Snakes               Transmutation                2
   c - Spider Form                    Transmutation/Poison         3
   d - Ice Form                       Ice/Transmutation            4
   e - Blade Hands                    Transmutation                5
Comestibles
 d - 7 bread rations
 j - 2 chunks of flesh
 m - 3 meat rations
 A - 4 fruits
 E - a slice of pizza


   Skills:
 * Level 4.0 Fighting
 + Level 0.1 Bows
 + Level 1.3 Armour
 * Level 4.7 Dodging
 - Level 0.4 Stealth
 * Level 8.5 Unarmed Combat
 + Level 2.5 Spellcasting
 + Level 2.8 Transmutations
 + Level 1.0 Ice Magic
 - Level 0.6 Poison Magic
 + Level 1.1 Evocations


You had 2 spell levels left.
You knew the following spells:

 Your Spells              Type           Power        Failure   Level  Hunger
a - Beastly Appendage     Tmut           ##....       14%         1    None
b - Spider Form           Tmut/Pois      #.........   41%         3    ###....
c - Sticks to Snakes      Tmut           ##......     21%         2    ##.....
d - Ice Form              Ice/Tmut       #.......     82%         4    ####...


Dungeon Overview and Level Annotations

Branches:
Dungeon (8/15)             Temple (0/1) D:5
   Lair: D:8-11

Shops:
D:6 }   D:7 *

Annotations:
D:5 dialectric's ghost, novice GrFi
D:8 lagrange's ghost, novice MiFi


Innate Abilities, Weirdness & Mutations

You have an increased reservoir of magic. (+10% MP)
Your spells are a little easier to cast, but a little less powerful.


Message History

You bite lagrange's ghost!
Lagrange's ghost is heavily damaged.
Lagrange's ghost hits you.
You hit lagrange's ghost.
Lagrange's ghost is heavily damaged.
Lagrange's ghost misses you.
You bite lagrange's ghost!
Lagrange's ghost is severely damaged.
Lagrange's ghost hits you.
You hit lagrange's ghost but do no damage.
Lagrange's ghost is severely damaged.
Your transformation is almost over.
You hit lagrange's ghost but do no damage.
Lagrange's ghost is severely damaged.
Lagrange's ghost hits you!
* * * LOW HITPOINT WARNING * * *
You hit lagrange's ghost.
Lagrange's ghost is severely damaged.
Lagrange's ghost hits you!
You die...

#..######
#.......#######
#.####W.....>..
...#####.###### ##
#.........#
#.#######.#######
#...........
###.####W##.#######
.......s.##.#
###.#######.# #.#
#.# ..# #.#


You could see lagrange's ghost.

Vanquished Creatures
  A hippogriff (D:7)
  A steam dragon (D:7)
  3 ice beasts
  A phantom (D:6)
  An ogre (D:4)
  A centaur (D:7)
  3 bullfrogs
  A water moccasin skeleton (D:4)
  A howler monkey (D:6)
  2 crimson imps
  A bullfrog zombie (D:7)
  2 hounds (D:5)
  A jelly (D:5)
  A bullfrog skeleton (D:5)
  5 orc wizards
  5 orc priests
  2 iguanas
  6 worker ants
  2 hound skeletons (D:7)
  A worker ant zombie (D:6)
  A howler monkey skeleton (D:6)
  12 adders
  6 gnolls
  3 shadow imps (D:5)
  8 worms
  A dart slug (D:1)
  2 leopard geckos
  16 orcs
  A ball python (D:2)
  A giant cockroach (D:1)
  9 goblins
  3 hobgoblins
  4 jackals
  2 quokkas
  9 bats
  5 frilled lizards
  8 kobolds
  A leopard gecko skeleton (D:5)
  7 rats
  A spectral orc (D:6)
141 creatures vanquished.

Vanquished Creatures (others)
  A gnoll sergeant (D:5)
  A crimson imp (D:5)
  5 gnolls (D:5)
7 creatures vanquished.

Grand Total: 148 creatures vanquished

Notes
Turn   | Place    | Note
-------+----------+-------------------------------------------
     0 | D:1      | terra53 the Demigod Transmuter began the quest for the Orb.
     0 | D:1      | Reached XP level 1. HP: 15/15 MP: 5/5
   270 | D:1      | Found a shattered altar of Ashenzari.
   526 | D:1      | Reached skill level 3 in Unarmed Combat
   556 | D:1      | Reached XP level 2. HP: 17/22 MP: 5/7
  1150 | D:2      | Reached XP level 3. HP: 8/27 MP: 6/8
  1546 | D:2      | Reached skill level 1 in Fighting
  1862 | D:2      | Learned a level 3 spell: Spider Form
  2571 | D:3      | Reached XP level 4. HP: 35/35 MP: 0/9
  2686 | D:3      | Found a faded altar of an unknown god.
  3637 | D:4      | Noticed an ice beast
  3700 | D:4      | Found a sacrificial altar of Ru.
  4075 | D:4      | Found a sparkling altar of Nemelex Xobeh.
  4128 | D:4      | Killed an ice beast
  4128 | D:4      | Reached skill level 4 in Unarmed Combat
  4128 | D:4      | Reached XP level 5. HP: 13/41 MP: 8/11
  4543 | D:4      | Noticed an ogre
  4552 | D:4      | Killed an ogre
  4552 | D:4      | Reached XP level 6. HP: 33/50 MP: 8/12
  4801 | D:5      | Entered Level 5 of the Dungeon
  4900 | D:5      | Reached skill level 5 in Unarmed Combat
  4943 | D:5      | Noticed dialectric's ghost (novice GrFi)
  5529 | D:5      | Found a white marble altar of Elyvilon.
  5580 | D:5      | Reached XP level 7. HP: 56/56 MP: 11/13
  5631 | D:5      | Found a staircase to the Ecumenical Temple.
  5685 | D:5      | Learned a level 2 spell: Sticks to Snakes
  5694 | D:5      | Learned a level 4 spell: Ice Form
  5796 | D:5      | Reached skill level 6 in Unarmed Combat
  6148 | D:5      | Found a deep blue altar of Sif Muna.
  6226 | D:5      | Found a stormy altar of Qazlal.
  6747 | D:6      | Found Muipits's Gadget Shop.
  6759 | D:6      | Bought a wand of flame (12/48) for 98 gold pieces
  6820 | D:6      | Found a basalt altar of Yredelemnul.
  7123 | D:6      | Reached skill level 7 in Unarmed Combat
  7123 | D:6      | Reached skill level 1 in Ice Magic
  7252 | D:6      | You fall through a shaft!
  7334 | D:7      | Found a hide-covered altar of Uskayaw.
  7345 | D:7      | Found Ydueckawk's Sacrilege Store.
  7345 | D:7      | Found a burning altar of Makhleb.
  7560 | D:7      | Got a polished leather armour
  7571 | D:7      | Identified the +2 leather armour of Hehagog {+Inv Regen+} (You found it on level 7 of the Dungeon)
  7625 | D:7      | Reached XP level 8. HP: 63/63 MP: 14/14
  8067 | D:7      | Reached skill level 8 in Unarmed Combat
  8130 | D:7      | Reached skill level 1 in Evocations
  8389 | D:6      | Reached skill level 1 in Armour
  8427 | D:6      | Gained mutation: Your spells are a little easier to cast, but a little less powerful. [mutagenic glow]
  8798 | D:6      | Bought a wand of lightning (6/15) for 140 gold pieces
  8862 | D:7      | Found an ancient bone altar of Kikubaaqudgha.
  8862 | D:7      | Found a faded altar of an unknown god.
  8867 | D:7      | Found an iron altar of Okawaru.
  8872 | D:7      | Found a snail-covered altar of Cheibriados.
  8874 | D:7      | Found a bloodstained altar of Trog.
  8975 | D:7      | Noticed a hippogriff
  9000 | D:7      | Killed a hippogriff
  9053 | D:8      | Noticed lagrange's ghost (novice MiFi)
  9088 | D:8      | Slain by lagrange's ghost

Vault maps used:
D:1:      dpeg_arrival_water_fire, ashenzari_altar_1
D:2:      first_bread, minmay_tree_intersection
D:3:      chequers_ecumenical_altar_island, kennysheep_nondescript,
          serial_bayou_lagoon_a
D:4:      kennysheep_mini_moat, nemelex_xobeh_ov_fountains_minmay
D:5:      nicolae_qazlal_eye_of_the_storm, old_standard_altar,
          lemuel_blue_sif_altar, minmay_misc_feat_plants
D:6:      yredelemnul_forgotten_temple_becter, serial_shops, shop
D:7:      chequers_temple_overflow_minitemple, overflow_temple_1_default,
          nicolae_evil_shop

Skill      XL: |  1  2  3  4  5  6  7  8 |
---------------+-------------------------+-----
Unarmed Combat | 3 4 5 7 8 |  8.5
Dodging        | 2 3 4 |  4.7
Spellcasting   | 2 |  2.5
Transmutations | 2 |  2.8
Fighting       | 1 2 3 4 |  4.0
Ice Magic      | 1 |  1.0
Evocations     | 1 |  1.1
Armour         | 1 |  1.3
Bows           | |  0.1
Stealth        | |  0.4
Poison Magic   | |  0.6

Action                   |  1- 3 |  4- 6 |  7- 9 || total
-------------------------+-------+-------+-------++-------
Melee: Unarmed           |   122 |   182 |   314 ||   618
       Kick              |     8 |     5 |     5 ||    18
       Headbutt          |     2 |     2 |    10 ||    14
       Punch             |       |     2 |     3 ||     5
 Fire: Shortbow          |       |       |    17 ||    17
Throw: Tomahawk          |       |       |    19 ||    19
 Cast: Beastly Appendage |    18 |     6 |     8 ||    32
       Spider Form       |     8 |    15 |    23 ||    46
 Abil: Evoke Invisibilit |       |       |     8 ||     8
Evoke: Wand              |       |       |     2 ||     2
  Use: Scroll            |       |     5 |     4 ||     9
 Stab: Sleeping          |     2 |     1 |     3 ||     6
       Invisible         |       |       |    17 ||    17
  Eat: Chunk             |     7 |    10 |    18 ||    35
       Fruit             |       |     1 |       ||     1
       Pizza             |       |     1 |       ||     1
Armor: Robe              |    20 |    16 |    14 ||    50
       Skin              |     1 |     8 |     4 ||    13
       Leather armour    |       |       |    21 ||    21
Dodge: Dodged            |    83 |   121 |   238 ||   442
